Tampa Bay Lightning vs Pittsburgh Penguins
(R1)
Created - Friday, November 22, 2024 at 09:03
Goals
|
| Tampa Bay Lightning |
2 |
1 |
0 |
0 |
3 |
| Pittsburgh Penguins |
1 |
1 |
1 |
1 |
4 |
|
Shots
|
| Tampa Bay Lightning |
12 |
17 |
6 |
0 |
35 |
| Pittsburgh Penguins |
12 |
12 |
12 |
1 |
37 |
|
1st period
1. Tampa Bay Lightning , Michael Matheson 7 (Gustav Nyquist 23, Roope Hintz 34) at 1:49 (PP)
2. Tampa Bay Lightning , Gustav Nyquist 14 (Darnell Nurse 14, Jeremy Swayman) at 9:23
3. Pittsburgh Penguins , Gabriel Vilardi 15 (Jake Neighbours 7) at 14:09
Penalties :
Blake Coleman (PIT) for Hooking (Minor) at 1:46, Dylan Guenther (PIT) for Goalie Interference (Minor) at 3:59
2nd period
4. Tampa Bay Lightning , Johnny Gaudreau 23 (Gustav Nyquist 24, Darnell Nurse 15) at 15:18 (PP)
5. Pittsburgh Penguins , Mitchell Marner 29 (Phillip Danault 35) at 18:00
Penalties :
Erik Gudbranson (PIT) for Tripping (Minor) at 0:05, Mattias Ekholm (PIT) for Hooking (Minor) at 5:45, Erik Karlsson (PIT) for Tripping (Minor) at 15:05, Leon Draisaitl (PIT) for Interference (Minor) at 15:35, Darnell Nurse (TBL) for Holding (Minor) at 15:59
3rd period
6. Pittsburgh Penguins , Brock Faber 5 (Phillip Danault 36, Mitchell Marner 50) at 1:42 (PP)
Penalties :
Brent Burns (TBL) for Slashing (Minor) at 1:26, Darnell Nurse (TBL) for Holding (Minor) at 7:19, Erik Gudbranson (PIT) for Boarding (Minor) at 9:53, Mark Giordano (PIT) for Interference (Minor) at 12:13, Hampus Lindholm (TBL) for Tripping (Minor) at 14:47
Overtime #1
7. Pittsburgh Penguins , Sam Reinhart 35 (Leon Draisaitl 52) at 0:49
Penalties :
No Penalty
Goalie Stats
Jeremy Swayman (TBL), 33 saves from 37 shots - (0.892), OTL, 33-17-9, 60:49 minutes
Jordan Binnington (PIT), 32 saves from 35 shots - (0.914), W, 38-17-5, 60:49 minutes
Players Stats for Tampa Bay Lightning
Player Name G A P +/- PIM S H SB GA TA FO MP PP MP PK MP
------------------------------------------------------------------------------------
Alexander Kerfoot 0 0 0 0 0 1 1 0 0 0 1/2 9:13 0:00 2:18
Anze Kopitar 0 0 0 -1 0 2 0 1 3 2 14/24 21:16 5:19 0:00
Brent Burns 0 0 0 -1 2 1 0 2 0 0 0/0 19:29 5:06 2:25
Darnell Nurse 0 2 2 1 4 3 0 0 0 1 0/0 21:55 5:05 1:20
Dylan Cozens 0 0 0 0 0 2 0 0 1 1 5/7 11:28 0:00 2:21
Gustav Nyquist 1 2 3 0 0 5 1 0 1 0 0/1 12:29 5:16 0:00
Hampus Lindholm 0 0 0 -2 2 1 2 2 0 0 0/0 20:44 0:00 0:53
Jack Roslovic 0 0 0 0 0 1 0 0 0 0 0/0 6:55 0:00 0:00
Jason Dickinson 0 0 0 0 0 2 0 0 0 0 3/7 10:51 0:00 2:17
Johnny Gaudreau 1 0 1 -1 0 4 2 0 1 0 0/0 17:46 5:06 0:00
Jonathan Huberdeau 0 0 0 0 0 1 0 0 1 0 0/1 14:57 0:30 0:00
Kirill Kaprizov 0 0 0 -1 0 0 3 0 2 0 0/0 21:15 5:19 0:00
Michael Matheson 1 0 1 1 0 1 2 0 1 0 0/0 23:59 5:29 2:37
Moritz Seider 0 0 0 -2 0 1 0 2 1 0 0/0 26:41 5:29 2:01
Roope Hintz 0 1 1 -1 0 3 0 1 1 0 11/24 17:46 5:06 0:00
TJ Brodie 0 0 0 -1 0 0 1 1 0 0 0/0 9:44 0:00 0:00
Travis Konecny 0 0 0 -1 0 3 1 0 1 1 1/4 19:25 4:59 0:03
Trevor Moore 0 0 0 0 0 4 1 0 0 0 0/1 11:06 0:10 2:17
Players Stats for Pittsburgh Penguins
Player Name G A P +/- PIM S H SB GA TA FO MP PP MP PK MP
------------------------------------------------------------------------------------
Blake Coleman 0 0 0 1 2 0 2 1 1 0 0/0 14:52 2:16 0:05
Brian Dumoulin 0 0 0 0 0 1 0 4 0 0 0/0 20:50 0:00 6:12
Brock Faber 1 0 1 1 0 2 0 3 0 1 0/0 24:13 2:01 5:21
Dylan Guenther 0 0 0 0 2 2 1 0 1 0 0/0 12:25 0:00 0:01
Erik Gudbranson 0 0 0 0 4 1 1 0 0 0 0/0 15:27 0:00 0:00
Erik Karlsson 0 0 0 1 2 0 3 0 0 0 0/0 23:06 2:37 5:27
Gabriel Vilardi 1 0 1 1 0 2 1 0 0 0 1/3 6:39 0:00 0:00
Jake Neighbours 0 1 1 1 0 1 1 1 0 0 0/2 7:44 0:24 0:00
James van Riemsdyk 0 0 0 1 0 1 0 0 0 0 0/0 6:39 0:00 0:00
Jean-Gabriel Pageau 0 0 0 0 0 1 3 0 0 0 2/3 12:31 0:00 0:06
Jordan Eberle 0 0 0 0 0 3 0 0 0 0 0/1 12:01 0:00 0:00
Leon Draisaitl 0 1 1 0 2 2 0 1 0 0 16/24 19:41 2:22 4:59
Mark Giordano 0 0 0 1 2 0 0 0 0 4 0/0 17:15 2:01 0:00
Mattias Ekholm 0 0 0 1 2 1 1 1 0 2 0/0 21:33 2:37 4:10
Mitchell Marner 1 1 2 1 0 4 3 0 0 4 2/11 20:36 2:16 5:06
Pavel Buchnevich 0 0 0 -1 0 1 0 1 2 1 0/3 19:55 1:58 5:30
Phillip Danault 0 2 2 1 0 5 1 0 0 0 14/22 14:28 2:16 0:00
Sam Reinhart 1 0 1 0 0 10 2 0 1 1 1/2 21:03 2:22 5:23
3 Stars
1 - Mitchell Marner (PIT)
2 - Gustav Nyquist (TBL)
3 - Brock Faber (PIT)
Power Play
Tampa Bay Lightning - 2 on 8 Attempt(s) - 25.00%
Pittsburgh Penguins - 1 on 4 Attempt(s) - 25.00%
Penalty Kill
Tampa Bay Lightning - 3 on 4 Attempt(s) - 75.00%
- Score 0 goal in Penalty Kill
Pittsburgh Penguins - 6 on 8 Attempt(s) - 75.00%
- Score 0 goal in Penalty Kill
Team Stat
Tampa Bay Lightning - Hits : 14 - Faceoff Wins : 35 - Blocked Shots : 9 - Penalty Minutes : 8
Pittsburgh Penguins - Hits : 19 - Faceoff Wins : 36 - Blocked Shots : 12 - Penalty Minutes : 16
Official
Referees : Graham Skilliter and Kelly Sutherland
Linesman : James Tobias and Ryan Gibbons
Game Notes
No Game Note
Finance
Level 1 -- Attendance: 5068 (84.47%) -- Ticket Income $506,800
Level 2 -- Attendance: 3743 (74.86%) -- Ticket Income $224,580
Level 3 -- Attendance: 2627 (87.57%) -- Ticket Income $91,945
Level 4 -- Attendance: 3903 (78.06%) -- Ticket Income $97,575
Luxury Box -- Attendance: 731 (73.10%) -- Ticket Income $146,200
Game was played at the Consol Energy Center.
Total Attendance: 16072 (80.36%)
Total Ticket Income: $1,067,100
Other Income: $373,485
Total Income: $1,440,585
Tampa Bay Lightning
5 vs 5 Forward
Center Left Wing Right Wing Time % Phy DF OF
1 Anze Kopitar Kirill Kaprizov Jonathan Huberdeau 40 0 2 3
2 Roope Hintz Johnny Gaudreau Travis Konecny 38 0 3 2
3 Jason Dickinson Dylan Cozens Trevor Moore 12 0 2 3
4 Alexander Kerfoot Jack Roslovic Gustav Nyquist 10 0 2 3
5 vs 5 Defense
Defense Defense Time % Phy DF OF
1 Moritz Seider Hampus Lindholm 40 1 2 2
2 Michael Matheson Darnell Nurse 35 1 2 2
3 Brent Burns TJ Brodie 25 1 2 2
4 Michael Matheson Brent Burns 0 1 2 2
PowerPlay Forward
Center Left Wing Right Wing Time % Phy DF OF
1 Roope Hintz Johnny Gaudreau Gustav Nyquist 50 1 2 2
2 Anze Kopitar Kirill Kaprizov Travis Konecny 50 1 2 2
PowerPlay Defense
Defense Defense Time % Phy DF OF
1 Michael Matheson Moritz Seider 50 1 2 2
2 Darnell Nurse Brent Burns 50 1 2 2
Penalty Kill 4 Players Forward
Center Wing Time % Phy DF OF
1 Jason Dickinson Trevor Moore 50 1 2 2
2 Dylan Cozens Alexander Kerfoot 50 1 2 2
Penalty Kill 4 Players Defense
Defense Defense Time % Phy DF OF
1 Moritz Seider Brent Burns 50 1 2 2
2 Michael Matheson Hampus Lindholm 50 1 2 2
Penalty Kill - 3 Players Forward
Forward Time % Phy DF OF
1 Anze Kopitar 50 1 2 2
2 Jason Dickinson 50 1 2 2
Penalty Kill - 3 Players Defense
Defense Defense Time % Phy DF OF
1 Michael Matheson Darnell Nurse 50 1 2 2
2 Moritz Seider Brent Burns 50 1 2 2
4 vs 4 Forward
Center Wing Time % Phy DF OF
1 Anze Kopitar Kirill Kaprizov 50 1 2 2
2 Dylan Cozens Travis Konecny 50 1 2 2
4 vs 4 Defense
Defense Defense Time % Phy DF OF
1 Michael Matheson Brent Burns 50 1 2 2
2 Moritz Seider Hampus Lindholm 50 1 2 2
Last Minutes Offensive
Center Left Wing Right Wing Defense Defense
Anze Kopitar Kirill Kaprizov Travis Konecny Michael Matheson Moritz Seider
Last Minutes Defensive
Center Left Wing Right Wing Defense Defense
Anze Kopitar Jason Dickinson Alexander Kerfoot Moritz Seider Michael Matheson
Goaltenders
Starting : Jeremy Swayman
Backup : Darcy Kuemper
Extra Forwards
Normal : Travis Konecny, Anze Kopitar, Trevor Moore - PP : Jonathan Huberdeau, Trevor Moore - PK : Anze Kopitar
Extra Defensemen
Normal : Brent Burns, Michael Matheson, Moritz Seider - PP : Hampus Lindholm - PK : Darnell Nurse, Michael Matheson
Penalty Shots
Trevor Moore, Gustav Nyquist, Alexander Kerfoot, Anze Kopitar, Jonathan Huberdeau
Scratches
None
Pittsburgh Penguins
5 vs 5 Forward
Center Left Wing Right Wing Time % Phy DF OF
1 Leon Draisaitl Pavel Buchnevich Sam Reinhart 30 1 2 2
2 Phillip Danault Blake Coleman Mitchell Marner 30 1 2 2
3 Jean-Gabriel Pageau Dylan Guenther Jordan Eberle 25 1 2 2
4 Gabriel Vilardi Jake Neighbours James van Riemsdyk 15 1 2 2
5 vs 5 Defense
Defense Defense Time % Phy DF OF
1 Mattias Ekholm Erik Karlsson 35 1 2 2
2 Erik Gudbranson Brock Faber 35 1 2 2
3 Mark Giordano Brian Dumoulin 30 1 2 2
4 Mattias Ekholm Erik Karlsson 0 1 2 2
PowerPlay Forward
Center Left Wing Right Wing Time % Phy DF OF
1 Leon Draisaitl Pavel Buchnevich Sam Reinhart 50 1 2 2
2 Phillip Danault Blake Coleman Mitchell Marner 50 1 2 2
PowerPlay Defense
Defense Defense Time % Phy DF OF
1 Mattias Ekholm Erik Karlsson 50 1 2 2
2 Mark Giordano Brock Faber 50 1 2 2
Penalty Kill 4 Players Forward
Center Wing Time % Phy DF OF
1 Leon Draisaitl Sam Reinhart 50 1 2 2
2 Mitchell Marner Pavel Buchnevich 50 1 2 2
Penalty Kill 4 Players Defense
Defense Defense Time % Phy DF OF
1 Mattias Ekholm Erik Karlsson 50 1 2 2
2 Brian Dumoulin Brock Faber 50 1 2 2
Penalty Kill - 3 Players Forward
Forward Time % Phy DF OF
1 Leon Draisaitl 50 1 2 2
2 Sam Reinhart 50 1 2 2
Penalty Kill - 3 Players Defense
Defense Defense Time % Phy DF OF
1 Mattias Ekholm Erik Karlsson 50 1 2 2
2 Brian Dumoulin Brock Faber 50 1 2 2
4 vs 4 Forward
Center Wing Time % Phy DF OF
1 Leon Draisaitl Sam Reinhart 50 1 2 2
2 Mitchell Marner Pavel Buchnevich 50 1 2 2
4 vs 4 Defense
Defense Defense Time % Phy DF OF
1 Mattias Ekholm Erik Karlsson 50 1 2 2
2 Mark Giordano Brock Faber 50 1 2 2
Last Minutes Offensive
Center Left Wing Right Wing Defense Defense
Leon Draisaitl Pavel Buchnevich Sam Reinhart Mattias Ekholm Erik Karlsson
Last Minutes Defensive
Center Left Wing Right Wing Defense Defense
Leon Draisaitl Pavel Buchnevich Sam Reinhart Mattias Ekholm Erik Karlsson
Goaltenders
Starting : Jordan Binnington
Backup : Marc-Andre Fleury
Extra Forwards
Normal : Jake Neighbours, Jordan Eberle, Sam Reinhart - PP : Jake Neighbours, Jordan Eberle - PK : Leon Draisaitl
Extra Defensemen
Normal : Mark Giordano, Brian Dumoulin, Erik Karlsson - PP : Mark Giordano - PK : Brian Dumoulin, Mattias Ekholm
Penalty Shots
Leon Draisaitl, Sam Reinhart, Mitchell Marner, Pavel Buchnevich, Blake Coleman
Scratches
None
% Time on Ice - Tampa Bay Lightning
Lines # - Real PCT - Wanted PCT - Time Play
Normal Forward
1 - 37% - 40% - 15:51
2 - 30% - 38% - 12:50
3 - 18% - 12% - 7:36
4 - 16% - 10% - 6:55
Normal Defense
1 - 42% - 40% - 17:57
2 - 36% - 35% - 15:31
3 - 23% - 25% - 9:44
4 - 0% - 0% - 0:00
PP Forward
1 - 50% - 50% - 5:16
2 - 50% - 50% - 5:19
PP Defense
1 - 52% - 50% - 5:29
2 - 48% - 50% - 5:06
PK Forward
1 - 49% - 50% - 2:17
2 - 51% - 50% - 2:21
PK Defense
1 - 52% - 50% - 2:25
2 - 48% - 50% - 2:13
PK3 Forward
1 - 0% - 50%
2 - 0% - 50%
PK3 Defense
1 - 0% - 50%
2 - 0% - 50%
44 Forward
1 - 54% - 50% - 1:18
2 - 46% - 50% - 1:06
44 Defense
1 - 49% - 50% - 1:10
2 - 51% - 50% - 1:14
Last Minute Offensive - 0:00
Last Minute Defensive - 0:00
Total
Forward - 60:49
Defense - 60:49
|
% Time on Ice - Pittsburgh Penguins
Lines # - Real PCT - Wanted PCT - Time Play
Normal Forward
1 - 29% - 30% - 12:35
2 - 28% - 30% - 12:13
3 - 27% - 25% - 11:45
4 - 15% - 15% - 6:39
Normal Defense
1 - 33% - 35% - 14:09
2 - 37% - 35% - 15:59
3 - 30% - 30% - 13:04
4 - 0% - 0% - 0:00
PP Forward
1 - 51% - 50% - 2:22
2 - 49% - 50% - 2:16
PP Defense
1 - 56% - 50% - 2:37
2 - 44% - 50% - 2:01
PK Forward
1 - 52% - 50% - 5:29
2 - 48% - 50% - 5:06
PK Defense
1 - 51% - 50% - 5:27
2 - 49% - 50% - 5:08
PK3 Forward
1 - 0% - 50%
2 - 0% - 50%
PK3 Defense
1 - 0% - 50%
2 - 0% - 50%
44 Forward
1 - 58% - 50% - 1:23
2 - 42% - 50% - 1:01
44 Defense
1 - 49% - 50% - 1:11
2 - 51% - 50% - 1:13
Last Minute Offensive - 0:00
Last Minute Defensive - 0:00
Total
Forward - 60:49
Defense - 60:49
|
Play-by-Play
1st period
0:01 of 1st period - Anze Kopitar wins face-off versus Sam Reinhart in neutral zone.
0:30 of 1st period - Wrist shot by Mitchell Marner.
0:30 of 1st period - Shot Misses the Net.
0:56 of 1st period - Wrist shot by Jordan Eberle.
0:56 of 1st period - Shot Misses the Net.
1:46 of 1st period - Minor Penalty to Blake Coleman for Hooking.
1:47 of 1st period - Roope Hintz wins face-off versus Leon Draisaitl in Pittsburgh Penguins zone.
1:47 of 1st period - Snap shot by Gustav Nyquist.
1:47 of 1st period - Shot Blocked by Brock Faber.
1:49 of 1st period - Slapshot by Michael Matheson.
1:49 of 1st period - Goal by Michael Matheson - Tampa Bay Lightning : 1 - Pittsburgh Penguins : 0.
1:50 of 1st period - Jean-Gabriel Pageau wins face-off versus Roope Hintz in neutral zone.
2:43 of 1st period - Wrist shot by Leon Draisaitl.
2:43 of 1st period - Shot Misses the Net.
3:05 of 1st period - Wrist shot by Gustav Nyquist.
3:05 of 1st period - Stopped by Jordan Binnington without a rebound.
3:06 of 1st period - Phillip Danault wins face-off versus Travis Konecny in Pittsburgh Penguins zone.
3:42 of 1st period - Wrist shot by Leon Draisaitl.
3:42 of 1st period - Stopped by Jeremy Swayman with a rebound.
3:44 of 1st period - Slapshot by Brian Dumoulin.
3:44 of 1st period - Shot Blocked by Roope Hintz.
3:59 of 1st period - Minor Penalty to Dylan Guenther for Goalie Interference.
4:00 of 1st period - Anze Kopitar wins face-off versus Mitchell Marner in Pittsburgh Penguins zone.
4:11 of 1st period - Wrist shot by Travis Konecny.
4:11 of 1st period - Shot Blocked by Pavel Buchnevich.
5:59 of 1st period - Penalty to Dylan Guenther is over, Dylan Guenther is back on ice.
5:59 of 1st period - Travis Konecny is hit by Jean-Gabriel Pageau and loses puck.
6:10 of 1st period - Jason Dickinson is hit by Erik Gudbranson.
6:18 of 1st period - Snap shot by Dylan Guenther.
6:18 of 1st period - Stopped by Jeremy Swayman without a rebound.
6:19 of 1st period - Jason Dickinson wins face-off versus Gabriel Vilardi in Tampa Bay Lightning zone.
6:19 of 1st period - Jason Dickinson is hit by Gabriel Vilardi.
7:05 of 1st period - Mattias Ekholm is hit by Johnny Gaudreau and loses puck.
7:31 of 1st period - Jean-Gabriel Pageau is hit by Kirill Kaprizov and loses puck.
7:46 of 1st period - Wrist shot by Jordan Eberle.
7:46 of 1st period - Stopped by Jeremy Swayman with a rebound.
8:06 of 1st period - Slapshot by Gustav Nyquist.
8:06 of 1st period - Shot Misses the Net.
8:08 of 1st period - Snap shot by Darnell Nurse.
8:08 of 1st period - Deflect By Phillip Danault.
8:08 of 1st period - Stopped by Jordan Binnington with a rebound.
8:10 of 1st period - Wrist shot by Jack Roslovic.
8:10 of 1st period - Stopped by Jordan Binnington with a rebound.
8:12 of 1st period - Slapshot by Gustav Nyquist.
8:12 of 1st period - Stopped by Jordan Binnington without a rebound.
8:13 of 1st period - Leon Draisaitl wins face-off versus Anze Kopitar in Pittsburgh Penguins zone.
9:23 of 1st period - Wrist shot by Gustav Nyquist.
9:23 of 1st period - Goal by Gustav Nyquist - Tampa Bay Lightning : 2 - Pittsburgh Penguins : 0.
9:24 of 1st period - Phillip Danault wins face-off versus Anze Kopitar in neutral zone.
9:26 of 1st period - Off-side.
9:27 of 1st period - Anze Kopitar wins face-off versus Mitchell Marner in neutral zone.
9:42 of 1st period - Slapshot by Mitchell Marner.
9:42 of 1st period - Stopped by Jeremy Swayman with a rebound.
9:54 of 1st period - Wrist shot by Anze Kopitar.
9:54 of 1st period - Shot Blocked by Brock Faber.
10:18 of 1st period - Slapshot by Jason Dickinson.
10:18 of 1st period - Deflect By Trevor Moore.
10:18 of 1st period - Stopped by Jordan Binnington with a rebound.
10:20 of 1st period - Slapshot by Hampus Lindholm.
10:20 of 1st period - Stopped by Jordan Binnington with a rebound.
10:22 of 1st period - Slapshot by Trevor Moore.
10:22 of 1st period - Stopped by Jordan Binnington with a rebound.
10:24 of 1st period - Snap shot by Dylan Cozens.
10:24 of 1st period - Shot Misses the Net.
10:42 of 1st period - Snap shot by Jack Roslovic.
10:42 of 1st period - Shot Misses the Net.
10:44 of 1st period - Wrist shot by Michael Matheson.
10:44 of 1st period - Shot Blocked by Mattias Ekholm.
11:24 of 1st period - Slapshot by Leon Draisaitl.
11:24 of 1st period - Stopped by Jeremy Swayman without a rebound.
11:25 of 1st period - Jason Dickinson wins face-off versus Leon Draisaitl in Tampa Bay Lightning zone.
12:17 of 1st period - Snap shot by Trevor Moore.
12:17 of 1st period - Stopped by Jordan Binnington without a rebound.
12:18 of 1st period - Anze Kopitar wins face-off versus Phillip Danault in Pittsburgh Penguins zone.
12:21 of 1st period - Wrist shot by Anze Kopitar.
12:21 of 1st period - Deflect By Phillip Danault.
12:21 of 1st period - Shot Misses the Net.
12:21 of 1st period - Puck is out of play.
12:22 of 1st period - Anze Kopitar wins face-off versus Phillip Danault in Pittsburgh Penguins zone.
13:13 of 1st period - Jack Roslovic is hit by Jean-Gabriel Pageau and loses puck.
13:33 of 1st period - Wrist shot by Anze Kopitar.
13:33 of 1st period - Shot Misses the Net.
13:35 of 1st period - Slapshot by Jonathan Huberdeau.
13:35 of 1st period - Stopped by Jordan Binnington with a rebound.
13:37 of 1st period - Snap shot by Anze Kopitar.
13:37 of 1st period - Shot Misses the Net.
13:39 of 1st period - Wrist shot by Moritz Seider.
13:39 of 1st period - Shot Misses the Net.
14:09 of 1st period - Snap shot by Gabriel Vilardi.
14:09 of 1st period - Goal by Gabriel Vilardi - Tampa Bay Lightning : 2 - Pittsburgh Penguins : 1.
14:10 of 1st period - Anze Kopitar wins face-off versus Phillip Danault in neutral zone.
14:19 of 1st period - Snap shot by Kirill Kaprizov.
14:19 of 1st period - Shot Misses the Net.
14:48 of 1st period - Snap shot by Leon Draisaitl.
14:48 of 1st period - Shot Blocked by TJ Brodie.
15:04 of 1st period - Wrist shot by Gabriel Vilardi.
15:04 of 1st period - Stopped by Jeremy Swayman with a rebound.
16:17 of 1st period - Off-side.
16:18 of 1st period - Anze Kopitar wins face-off versus Jean-Gabriel Pageau in neutral zone.
16:49 of 1st period - Snap shot by Jean-Gabriel Pageau.
16:49 of 1st period - Stopped by Jeremy Swayman with a rebound.
17:05 of 1st period - TJ Brodie is hit by Mitchell Marner and loses puck.
17:57 of 1st period - Snap shot by Dylan Cozens.
17:57 of 1st period - Deflect By Jason Dickinson.
17:57 of 1st period - Stopped by Jordan Binnington without a rebound.
17:58 of 1st period - Gabriel Vilardi wins face-off versus Roope Hintz in Pittsburgh Penguins zone.
18:23 of 1st period - Snap shot by Gabriel Vilardi.
18:23 of 1st period - Shot Blocked by Hampus Lindholm.
18:25 of 1st period - Slapshot by Brock Faber.
18:25 of 1st period - Shot Hit the Post.
18:27 of 1st period - Snap shot by Jake Neighbours.
18:27 of 1st period - Stopped by Jeremy Swayman without a rebound.
18:28 of 1st period - Anze Kopitar wins face-off versus Phillip Danault in Tampa Bay Lightning zone.
18:43 of 1st period - Wrist shot by Phillip Danault.
18:43 of 1st period - Stopped by Jeremy Swayman without a rebound.
18:44 of 1st period - Leon Draisaitl wins face-off versus Roope Hintz in Tampa Bay Lightning zone.
18:45 of 1st period - Snap shot by Sam Reinhart.
18:45 of 1st period - Stopped by Jeremy Swayman with a rebound.
18:47 of 1st period - Wrist shot by Sam Reinhart.
18:47 of 1st period - Stopped by Jeremy Swayman without a rebound.
18:48 of 1st period - Leon Draisaitl wins face-off versus Roope Hintz in Tampa Bay Lightning zone.
19:26 of 1st period - Icing by Kirill Kaprizov.
19:27 of 1st period - Phillip Danault wins face-off versus Anze Kopitar in Tampa Bay Lightning zone.
Goals for this period are 2 for Tampa Bay Lightning vs 1 for Pittsburgh Penguins.
Shots for this period are 12 for Tampa Bay Lightning vs 12 for Pittsburgh Penguins.
2nd period
0:01 of 2nd period - Travis Konecny wins face-off versus Mitchell Marner in neutral zone.
0:05 of 2nd period - Minor Penalty to Erik Gudbranson for Tripping.
0:06 of 2nd period - Roope Hintz wins face-off versus Leon Draisaitl in Pittsburgh Penguins zone.
2:00 of 2nd period - Brian Dumoulin is hit by Gustav Nyquist and loses puck.
2:05 of 2nd period - Penalty to Erik Gudbranson is over, Erik Gudbranson is back on ice.
2:17 of 2nd period - Snap shot by Jordan Eberle.
2:17 of 2nd period - Shot Blocked by Moritz Seider.
2:19 of 2nd period - Snap shot by Jordan Eberle.
2:19 of 2nd period - Stopped by Jeremy Swayman with a rebound.
2:21 of 2nd period - Wrist shot by Brian Dumoulin.
2:21 of 2nd period - Stopped by Jeremy Swayman without a rebound.
2:22 of 2nd period - Anze Kopitar wins face-off versus Gabriel Vilardi in Tampa Bay Lightning zone.
2:22 of 2nd period - Anze Kopitar is hit by Jake Neighbours.
2:30 of 2nd period - Wrist shot by Kirill Kaprizov.
2:30 of 2nd period - Shot Misses the Net.
2:32 of 2nd period - Wrist shot by Brent Burns.
2:32 of 2nd period - Shot Blocked by Jake Neighbours.
2:44 of 2nd period - Brent Burns is hit by Jean-Gabriel Pageau and loses puck.
2:53 of 2nd period - Jean-Gabriel Pageau is hit by Trevor Moore and loses puck.
4:20 of 2nd period - Snap shot by Sam Reinhart.
4:20 of 2nd period - Stopped by Jeremy Swayman without a rebound.
4:21 of 2nd period - Leon Draisaitl wins face-off versus Roope Hintz in Tampa Bay Lightning zone.
4:28 of 2nd period - Slapshot by Johnny Gaudreau.
4:28 of 2nd period - Stopped by Jordan Binnington without a rebound.
4:29 of 2nd period - Roope Hintz wins face-off versus Phillip Danault in Pittsburgh Penguins zone.
4:46 of 2nd period - Snap shot by Roope Hintz.
4:46 of 2nd period - Stopped by Jordan Binnington without a rebound.
4:47 of 2nd period - Leon Draisaitl wins face-off versus Anze Kopitar in Pittsburgh Penguins zone.
4:47 of 2nd period - Leon Draisaitl is hit by Kirill Kaprizov.
4:53 of 2nd period - Snap shot by Kirill Kaprizov.
4:53 of 2nd period - Shot Misses the Net.
5:41 of 2nd period - Wrist shot by Jason Dickinson.
5:41 of 2nd period - Stopped by Jordan Binnington without a rebound.
5:42 of 2nd period - Jean-Gabriel Pageau wins face-off versus Jason Dickinson in Pittsburgh Penguins zone.
5:42 of 2nd period - Jean-Gabriel Pageau is hit by Hampus Lindholm.
5:45 of 2nd period - Minor Penalty to Mattias Ekholm for Hooking.
5:46 of 2nd period - Anze Kopitar wins face-off versus Mitchell Marner in Pittsburgh Penguins zone.
6:25 of 2nd period - Off-side.
6:26 of 2nd period - Leon Draisaitl wins face-off versus Anze Kopitar in neutral zone.
6:33 of 2nd period - Slapshot by Sam Reinhart.
6:33 of 2nd period - Stopped by Jeremy Swayman without a rebound.
6:34 of 2nd period - Anze Kopitar wins face-off versus Mitchell Marner in Tampa Bay Lightning zone.
6:53 of 2nd period - Snap shot by Anze Kopitar.
6:53 of 2nd period - Shot Misses the Net.
7:01 of 2nd period - Backhand shot by Travis Konecny.
7:01 of 2nd period - Stopped by Jordan Binnington with a rebound.
7:03 of 2nd period - Backhand shot by Darnell Nurse.
7:03 of 2nd period - Deflect By Brock Faber.
7:03 of 2nd period - Stopped by Jordan Binnington with a rebound.
7:05 of 2nd period - Snap shot by Brent Burns.
7:05 of 2nd period - Shot Blocked by Leon Draisaitl.
7:07 of 2nd period - Slapshot by Darnell Nurse.
7:07 of 2nd period - Deflect By Sam Reinhart.
7:07 of 2nd period - Stopped by Jordan Binnington without a rebound.
7:08 of 2nd period - Mitchell Marner wins face-off versus Roope Hintz in Pittsburgh Penguins zone.
7:35 of 2nd period - Michael Matheson is hit by Erik Karlsson and loses puck.
7:45 of 2nd period - Penalty to Mattias Ekholm is over, Mattias Ekholm is back on ice.
8:31 of 2nd period - Jean-Gabriel Pageau is hit by Hampus Lindholm and loses puck.
8:46 of 2nd period - Wrist shot by Johnny Gaudreau.
8:46 of 2nd period - Stopped by Jordan Binnington without a rebound.
8:47 of 2nd period - Roope Hintz wins face-off versus Phillip Danault in Pittsburgh Penguins zone.
8:56 of 2nd period - Wrist shot by Mitchell Marner.
8:56 of 2nd period - Shot Misses the Net.
9:37 of 2nd period - Snap shot by Dylan Guenther.
9:37 of 2nd period - Stopped by Jeremy Swayman with a rebound.
10:09 of 2nd period - Wrist shot by Kirill Kaprizov.
10:09 of 2nd period - Shot Blocked by Blake Coleman.
10:36 of 2nd period - Blake Coleman is hit by Kirill Kaprizov and loses puck.
11:34 of 2nd period - Snap shot by Mitchell Marner.
11:34 of 2nd period - Stopped by Jeremy Swayman with a rebound.
11:36 of 2nd period - Slapshot by Mattias Ekholm.
11:36 of 2nd period - Deflect By Blake Coleman.
11:36 of 2nd period - Shot Misses the Net.
11:36 of 2nd period - Puck is out of play.
11:37 of 2nd period - Leon Draisaitl wins face-off versus Roope Hintz in Tampa Bay Lightning zone.
12:32 of 2nd period - Snap shot by James van Riemsdyk.
12:32 of 2nd period - Shot Blocked by Brent Burns.
13:04 of 2nd period - Wrist shot by Alexander Kerfoot.
13:04 of 2nd period - Stopped by Jordan Binnington with a rebound.
13:06 of 2nd period - Slapshot by Brent Burns.
13:06 of 2nd period - Stopped by Jordan Binnington without a rebound.
13:07 of 2nd period - Alexander Kerfoot wins face-off versus Jordan Eberle in Pittsburgh Penguins zone.
13:49 of 2nd period - Snap shot by Jason Dickinson.
13:49 of 2nd period - Shot Misses the Net.
14:01 of 2nd period - Snap shot by Jordan Eberle.
14:01 of 2nd period - Shot Misses the Net.
14:03 of 2nd period - Slapshot by Erik Gudbranson.
14:03 of 2nd period - Stopped by Jeremy Swayman with a rebound.
14:09 of 2nd period - Slapshot by Jordan Eberle.
14:09 of 2nd period - Shot Misses the Net.
14:11 of 2nd period - Slapshot by Brock Faber.
14:11 of 2nd period - Stopped by Jeremy Swayman without a rebound.
14:12 of 2nd period - Roope Hintz wins face-off versus Leon Draisaitl in Tampa Bay Lightning zone.
14:17 of 2nd period - Snap shot by Johnny Gaudreau.
14:17 of 2nd period - Shot Misses the Net.
14:48 of 2nd period - Wrist shot by Mitchell Marner.
14:48 of 2nd period - Shot Misses the Net.
15:02 of 2nd period - Snap shot by Gustav Nyquist.
15:02 of 2nd period - Stopped by Jordan Binnington without a rebound.
15:03 of 2nd period - Leon Draisaitl wins face-off versus Roope Hintz in Pittsburgh Penguins zone.
15:05 of 2nd period - Minor Penalty to Erik Karlsson for Tripping.
15:06 of 2nd period - Roope Hintz wins face-off versus Mitchell Marner in Pittsburgh Penguins zone.
15:06 of 2nd period - Snap shot by Gustav Nyquist.
15:06 of 2nd period - Stopped by Jordan Binnington with a rebound.
15:12 of 2nd period - Wrist shot by Johnny Gaudreau.
15:12 of 2nd period - Shot Misses the Net.
15:14 of 2nd period - Slapshot by Darnell Nurse.
15:14 of 2nd period - Shot Misses the Net.
15:16 of 2nd period - Snap shot by Gustav Nyquist.
15:16 of 2nd period - Shot Misses the Net.
15:18 of 2nd period - Slapshot by Johnny Gaudreau.
15:18 of 2nd period - Goal by Johnny Gaudreau - Tampa Bay Lightning : 3 - Pittsburgh Penguins : 1.
15:19 of 2nd period - Leon Draisaitl wins face-off versus Roope Hintz in neutral zone.
15:35 of 2nd period - Minor Penalty to Leon Draisaitl for Interference.
15:36 of 2nd period - Roope Hintz wins face-off versus Pavel Buchnevich in Pittsburgh Penguins zone.
15:40 of 2nd period - Snap shot by Johnny Gaudreau.
15:40 of 2nd period - Shot Blocked by Brian Dumoulin.
15:42 of 2nd period - Snap shot by Johnny Gaudreau.
15:42 of 2nd period - Stopped by Jordan Binnington without a rebound.
15:43 of 2nd period - Roope Hintz wins face-off versus Pavel Buchnevich in Pittsburgh Penguins zone.
15:59 of 2nd period - Minor Penalty to Darnell Nurse for Holding.
16:00 of 2nd period - Anze Kopitar wins face-off versus Jake Neighbours in Tampa Bay Lightning zone.
16:11 of 2nd period - Wrist shot by Sam Reinhart.
16:11 of 2nd period - Stopped by Jeremy Swayman without a rebound.
16:12 of 2nd period - Dylan Cozens wins face-off versus Mitchell Marner in Tampa Bay Lightning zone.
17:02 of 2nd period - Travis Konecny is hit by Mattias Ekholm and loses puck.
17:30 of 2nd period - Icing by Michael Matheson.
17:31 of 2nd period - Dylan Cozens wins face-off versus Jake Neighbours in Tampa Bay Lightning zone.
17:35 of 2nd period - Penalty to Leon Draisaitl is over, Leon Draisaitl is back on ice.
17:58 of 2nd period - Snap shot by Sam Reinhart.
17:58 of 2nd period - Stopped by Jeremy Swayman without a rebound.
17:59 of 2nd period - Penalty to Darnell Nurse is over, Darnell Nurse is back on ice.
17:59 of 2nd period - Phillip Danault wins face-off versus Anze Kopitar in Tampa Bay Lightning zone.
18:00 of 2nd period - Snap shot by Mitchell Marner.
18:00 of 2nd period - Goal by Mitchell Marner - Tampa Bay Lightning : 3 - Pittsburgh Penguins : 2.
18:01 of 2nd period - Phillip Danault wins face-off versus Anze Kopitar in neutral zone.
18:10 of 2nd period - Snap shot by Moritz Seider.
18:10 of 2nd period - Stopped by Jordan Binnington without a rebound.
18:11 of 2nd period - Phillip Danault wins face-off versus Anze Kopitar in Pittsburgh Penguins zone.
18:20 of 2nd period - Snap shot by Kirill Kaprizov.
18:20 of 2nd period - Shot Hit the Post.
18:22 of 2nd period - Slapshot by Hampus Lindholm.
18:22 of 2nd period - Shot Blocked by Brian Dumoulin.
18:26 of 2nd period - Wrist shot by Kirill Kaprizov.
18:26 of 2nd period - Shot Misses the Net.
18:28 of 2nd period - Snap shot by Anze Kopitar.
18:28 of 2nd period - Stopped by Jordan Binnington without a rebound.
18:29 of 2nd period - Leon Draisaitl wins face-off versus Travis Konecny in Pittsburgh Penguins zone.
18:29 of 2nd period - Leon Draisaitl is hit by Michael Matheson.
18:45 of 2nd period - Darnell Nurse is hit by Sam Reinhart and loses puck.
19:06 of 2nd period - Slapshot by Phillip Danault.
19:06 of 2nd period - Stopped by Jeremy Swayman with a rebound.
19:43 of 2nd period - Slapshot by Trevor Moore.
19:43 of 2nd period - Stopped by Jordan Binnington with a rebound.
19:51 of 2nd period - Snap shot by Dylan Cozens.
19:51 of 2nd period - Stopped by Jordan Binnington with a rebound.
Goals for this period are 1 for Tampa Bay Lightning vs 1 for Pittsburgh Penguins.
Shots for this period are 17 for Tampa Bay Lightning vs 12 for Pittsburgh Penguins.
3rd period
0:01 of 3rd period - Roope Hintz wins face-off versus Leon Draisaitl in neutral zone.
0:04 of 3rd period - Backhand shot by Moritz Seider.
0:04 of 3rd period - Shot Blocked by Brock Faber.
0:16 of 3rd period - Snap shot by Sam Reinhart.
0:16 of 3rd period - Stopped by Jeremy Swayman with a rebound.
0:26 of 3rd period - Moritz Seider is hit by Mitchell Marner and loses puck.
1:26 of 3rd period - Minor Penalty to Brent Burns for Slashing.
1:27 of 3rd period - Phillip Danault wins face-off versus Dylan Cozens in Tampa Bay Lightning zone.
1:32 of 3rd period - Snap shot by Phillip Danault.
1:32 of 3rd period - Stopped by Jeremy Swayman with a rebound.
1:40 of 3rd period - Wrist shot by Phillip Danault.
1:40 of 3rd period - Stopped by Jeremy Swayman with a rebound.
1:42 of 3rd period - Backhand shot by Brock Faber.
1:42 of 3rd period - Goal by Brock Faber - Tampa Bay Lightning : 3 - Pittsburgh Penguins : 3.
1:43 of 3rd period - Leon Draisaitl wins face-off versus Travis Konecny in neutral zone.
1:48 of 3rd period - Snap shot by Pavel Buchnevich.
1:48 of 3rd period - Stopped by Jeremy Swayman with a rebound.
1:56 of 3rd period - Sam Reinhart is hit by Johnny Gaudreau and loses puck.
2:09 of 3rd period - Jonathan Huberdeau is hit by Phillip Danault and loses puck.
2:16 of 3rd period - Snap shot by Phillip Danault.
2:16 of 3rd period - Stopped by Jeremy Swayman with a rebound.
2:30 of 3rd period - Snap shot by James van Riemsdyk.
2:30 of 3rd period - Stopped by Jeremy Swayman with a rebound.
2:40 of 3rd period - Wrist shot by James van Riemsdyk.
2:40 of 3rd period - Shot Blocked by Moritz Seider.
2:42 of 3rd period - Slapshot by Mattias Ekholm.
2:42 of 3rd period - Deflect By Jonathan Huberdeau.
2:42 of 3rd period - Stopped by Jeremy Swayman with a rebound.
2:52 of 3rd period - Slapshot by Moritz Seider.
2:52 of 3rd period - Shot Misses the Net.
2:54 of 3rd period - Snap shot by Roope Hintz.
2:54 of 3rd period - Shot Misses the Net.
2:56 of 3rd period - Backhand shot by Travis Konecny.
2:56 of 3rd period - Stopped by Jordan Binnington without a rebound.
2:57 of 3rd period - Leon Draisaitl wins face-off versus Roope Hintz in Pittsburgh Penguins zone.
3:14 of 3rd period - Wrist shot by Travis Konecny.
3:14 of 3rd period - Stopped by Jordan Binnington without a rebound.
3:15 of 3rd period - Phillip Danault wins face-off versus Alexander Kerfoot in Pittsburgh Penguins zone.
3:31 of 3rd period - Mitchell Marner is hit by Alexander Kerfoot and loses puck.
3:42 of 3rd period - Brian Dumoulin is hit by Travis Konecny and loses puck.
3:53 of 3rd period - Wrist shot by Roope Hintz.
3:53 of 3rd period - Stopped by Jordan Binnington with a rebound.
4:05 of 3rd period - Wrist shot by Jonathan Huberdeau.
4:05 of 3rd period - Shot Blocked by Brian Dumoulin.
4:13 of 3rd period - Slapshot by Anze Kopitar.
4:13 of 3rd period - Stopped by Jordan Binnington without a rebound.
4:14 of 3rd period - Roope Hintz wins face-off versus Phillip Danault in Pittsburgh Penguins zone.
4:27 of 3rd period - Wrist shot by Roope Hintz.
4:27 of 3rd period - Stopped by Jordan Binnington with a rebound.
4:29 of 3rd period - Wrist shot by Johnny Gaudreau.
4:29 of 3rd period - Shot Misses the Net.
4:39 of 3rd period - Moritz Seider is hit by Erik Karlsson and loses puck.
5:12 of 3rd period - Wrist shot by Dylan Cozens.
5:12 of 3rd period - Stopped by Jordan Binnington with a rebound.
5:20 of 3rd period - Dylan Cozens is hit by Dylan Guenther.
6:15 of 3rd period - Wrist shot by Dylan Guenther.
6:15 of 3rd period - Shot Blocked by Hampus Lindholm.
6:17 of 3rd period - Snap shot by Jordan Eberle.
6:17 of 3rd period - Stopped by Jeremy Swayman without a rebound.
6:18 of 3rd period - Leon Draisaitl wins face-off versus Jonathan Huberdeau in Tampa Bay Lightning zone.
6:35 of 3rd period - Off-side.
6:36 of 3rd period - Phillip Danault wins face-off versus Roope Hintz in neutral zone.
6:47 of 3rd period - Icing by Brian Dumoulin.
6:48 of 3rd period - Phillip Danault wins face-off versus Anze Kopitar in Pittsburgh Penguins zone.
6:53 of 3rd period - Jonathan Huberdeau is hit by Blake Coleman and loses puck.
7:04 of 3rd period - Wrist shot by Phillip Danault.
7:04 of 3rd period - Shot Misses the Net.
7:06 of 3rd period - Backhand shot by Brian Dumoulin.
7:06 of 3rd period - Shot Blocked by Anze Kopitar.
7:19 of 3rd period - Minor Penalty to Darnell Nurse for Holding.
7:20 of 3rd period - Leon Draisaitl wins face-off versus Dylan Cozens in Tampa Bay Lightning zone.
7:34 of 3rd period - Snap shot by Leon Draisaitl.
7:34 of 3rd period - Shot Misses the Net.
7:51 of 3rd period - Michael Matheson is hit by Sam Reinhart.
8:05 of 3rd period - Wrist shot by Mitchell Marner.
8:05 of 3rd period - Shot Blocked by Brent Burns.
8:07 of 3rd period - Slapshot by Brock Faber.
8:07 of 3rd period - Deflect By Blake Coleman.
8:07 of 3rd period - Shot Misses the Net.
8:07 of 3rd period - Puck is out of play.
8:08 of 3rd period - Phillip Danault wins face-off versus Trevor Moore in Tampa Bay Lightning zone.
8:23 of 3rd period - Snap shot by Erik Karlsson.
8:23 of 3rd period - Deflect By Mitchell Marner.
8:23 of 3rd period - Shot Misses the Net.
8:23 of 3rd period - Puck is out of play.
8:24 of 3rd period - Dylan Cozens wins face-off versus Leon Draisaitl in Tampa Bay Lightning zone.
9:06 of 3rd period - Icing by Mitchell Marner.
9:07 of 3rd period - Phillip Danault wins face-off versus Jason Dickinson in Pittsburgh Penguins zone.
9:09 of 3rd period - Icing by Mitchell Marner.
9:10 of 3rd period - Phillip Danault wins face-off versus Jason Dickinson in Pittsburgh Penguins zone.
9:19 of 3rd period - Penalty to Darnell Nurse is over, Darnell Nurse is back on ice.
9:30 of 3rd period - Wrist shot by Mitchell Marner.
9:30 of 3rd period - Stopped by Jeremy Swayman without a rebound.
9:31 of 3rd period - Roope Hintz wins face-off versus Leon Draisaitl in Tampa Bay Lightning zone.
9:53 of 3rd period - Minor Penalty to Erik Gudbranson for Boarding.
9:54 of 3rd period - Anze Kopitar wins face-off versus Mitchell Marner in Pittsburgh Penguins zone.
10:18 of 3rd period - Icing by Michael Matheson.
10:19 of 3rd period - Leon Draisaitl wins face-off versus Roope Hintz in Tampa Bay Lightning zone.
10:20 of 3rd period - Slapshot by Sam Reinhart.
10:20 of 3rd period - Stopped by Jeremy Swayman without a rebound.
10:21 of 3rd period - Leon Draisaitl wins face-off versus Gustav Nyquist in Tampa Bay Lightning zone.
10:36 of 3rd period - Wrist shot by Gustav Nyquist.
10:36 of 3rd period - Shot Blocked by Brian Dumoulin.
10:52 of 3rd period - Backhand shot by Travis Konecny.
10:52 of 3rd period - Deflect By Kirill Kaprizov.
10:52 of 3rd period - Shot Hit the Post.
10:52 of 3rd period - Puck is out of play.
10:53 of 3rd period - Anze Kopitar wins face-off versus Leon Draisaitl in Pittsburgh Penguins zone.
11:26 of 3rd period - Wrist shot by Gustav Nyquist.
11:26 of 3rd period - Shot Misses the Net.
11:53 of 3rd period - Penalty to Erik Gudbranson is over, Erik Gudbranson is back on ice.
12:13 of 3rd period - Minor Penalty to Mark Giordano for Interference.
12:14 of 3rd period - Mitchell Marner wins face-off versus Roope Hintz in Pittsburgh Penguins zone.
14:13 of 3rd period - Penalty to Mark Giordano is over, Mark Giordano is back on ice.
14:26 of 3rd period - Brian Dumoulin is hit by TJ Brodie.
14:47 of 3rd period - Minor Penalty to Hampus Lindholm for Tripping.
14:48 of 3rd period - Dylan Cozens wins face-off versus Pavel Buchnevich in Tampa Bay Lightning zone.
14:58 of 3rd period - Snap shot by Sam Reinhart.
14:58 of 3rd period - Stopped by Jeremy Swayman without a rebound.
14:59 of 3rd period - Jason Dickinson wins face-off versus Phillip Danault in Tampa Bay Lightning zone.
15:45 of 3rd period - Icing by Mitchell Marner.
15:46 of 3rd period - Phillip Danault wins face-off versus Jason Dickinson in Pittsburgh Penguins zone.
16:47 of 3rd period - Penalty to Hampus Lindholm is over, Hampus Lindholm is back on ice.
17:17 of 3rd period - James van Riemsdyk is hit by Michael Matheson and loses puck.
17:44 of 3rd period - Wrist shot by Sam Reinhart.
17:44 of 3rd period - Shot Misses the Net.
17:56 of 3rd period - Darnell Nurse is hit by Blake Coleman and loses puck.
18:27 of 3rd period - Jonathan Huberdeau is hit by Mitchell Marner and loses puck.
Goals for this period are 0 for Tampa Bay Lightning vs 1 for Pittsburgh Penguins.
Shots for this period are 6 for Tampa Bay Lightning vs 12 for Pittsburgh Penguins.
Overtime #1
0:01 of 1st overtime period - Dylan Cozens wins face-off versus Mitchell Marner in neutral zone.
0:26 of 1st overtime period - Kirill Kaprizov is hit by Erik Karlsson and loses puck.
0:31 of 1st overtime period - Snap shot by Leon Draisaitl.
0:31 of 1st overtime period - Deflect By Sam Reinhart.
0:31 of 1st overtime period - Shot Misses the Net.
0:31 of 1st overtime period - Puck is out of play.
0:32 of 1st overtime period - Sam Reinhart wins face-off versus Anze Kopitar in Tampa Bay Lightning zone.
0:49 of 1st overtime period - Snap shot by Sam Reinhart.
0:49 of 1st overtime period - Goal by Sam Reinhart - Tampa Bay Lightning : 3 - Pittsburgh Penguins : 4.
Goals for this period are 0 for Tampa Bay Lightning vs 1 for Pittsburgh Penguins.
Shots for this period are 0 for Tampa Bay Lightning vs 1 for Pittsburgh Penguins.
Back to the Top